 Dungeon Crawl Stone Soup version 0.30-a0-341-g682706514a (webtiles) character file.

Game seed: 6388553354522891801

30 ryw the Trooper (level 3, 30/30 HPs)
             Began as a Demonspawn Monk on Nov 2, 2022.
             Quit the game on level 2 of the Dungeon.
             The game lasted 00:01:22 (789 turns).

ryw the Trooper (Demonspawn Monk)                    Turns: 789, Time: 00:01:22

Health: 30/30      AC:  2    Str: 13    XL:     3   Next: 5%
Magic:  3/3        EV: 12    Int: 11    God:
Gold:   43         SH:  4    Dex: 15    Spells: 2/2 levels left

rFire   . . .      SeeInvis .    j - +0 falchion
rCold   . . .      Faith    .    (no shield)
rNeg    . . .      Spirit   .    a - +0 robe
rPois   .          Reflect  .    (no helmet)
rElec   .          Harm     .    (no cloak)
rCorr   .          Rampage  .    (no gloves)
Will    .....                    (no boots)
Stlth   ++........               (no amulet)
HPRegen 0.25/turn                (no ring)
MPRegen 0.08/turn                (no ring)

@: no status effects
A: hooves 1, condensation shield
a: no special abilities


You were on level 2 of the Dungeon.
You visited 1 branch of the dungeon, and saw 2 of its levels.

You collected 43 gold pieces.

Inventory:

Hand Weapons
 j - a +0 falchion (weapon)
Armour
 a - a +0 robe (worn)
Scrolls
 d - a scroll of identify {unknown}
 f - a scroll of magic mapping {unknown}
 i - a scroll of immolation {unknown}
Potions
 b - a potion of ambrosia
 c - a potion of might {unknown}
 e - a potion of attraction {unknown}
 g - 2 potions of lignification {unknown}
 h - a potion of haste {unknown}


   Skills:
 + Level 4.2 Fighting
 - Level 2.6 Dodging
 - Level 1.7 Stealth
 - Level 2.6 Unarmed Combat


You had 2 spell levels left.
You didn't know any spells.
Your spell library contained the following spells:

 Spells                   Type           Power      Damage    Failure   Level
 Slow                     Hex            0%         N/A       34%         1
 Confusing Touch          Hex            0%         N/A       71%         3
 Vampiric Draining        Necr           0%         2d6       71%         3
 Animate Armour           Summ/Erth      0%         N/A       98%         4
 Blade Hands              Tmut           0%         N/A       100%        5
 Iron Shot                Conj/Erth      0%         9d1       100%        6


Dungeon Overview and Level Annotations

Branches:
Dungeon (1/15)

Altars:

Shops:
D:1 *


Innate Abilities, Weirdness & Mutations

You have large cloven feet.
A meltable shield of frost defends you. (SH +4)


Message History

You closely miss the hobgoblin.
The hobgoblin is severely wounded.
You hit the hobgoblin.
You kill the hobgoblin!
No target in view!
You see here a hobgoblin corpse.
Found a falchion.
You see here a +0 falchion.
j - a +0 falchion An adder comes into view.
j - a +0 falchion (weapon)
The helpless adder fails to defend itself.
You hit the adder.
The adder is heavily wounded.
The adder bites you but does no damage. x2
You hit the adder but do no damage.
The adder is heavily wounded.
The adder closely misses you. You block the adder's attack.
You closely miss the adder.
The adder is heavily wounded.
The adder bites you but does no damage.
You completely miss the adder.
The adder is moderately wounded.
The adder barely misses you. You block the adder's attack.
You barely miss the adder.
The adder is moderately wounded.
The adder bites you. x2
You closely miss the adder.
The adder is moderately wounded.
The adder closely misses you.
You slash the adder!
You kill the adder!
You have reached level 3!
Your experience leads to an increase in your attributes!
Increase (S)trength, (I)ntelligence, or (D)exterity?
You feel stronger. x2; Your demonic ancestry asserts itself...
Your feet thicken and deform.
You start resting.
HP restored.
Are you sure you want to abandon this character and quit the game? (Confirm with "yes".)

#.#.# #
#.#.# #
#.#.# #
########.#.#
#
#..........#
#
#.######.###
# #.# #.# #
#.# #.#####
# #.#
#...@.#
######.##
#####.......
...†..#.#
#######
######.##
###


There were no monsters in sight!

Vanquished Creatures
  An adder (D:2)
  A dart slug (D:1)
  2 ball pythons (D:1)
  A giant cockroach (D:1)
  4 goblins (D:1)
  4 hobgoblins
  A quokka (D:1)
  2 kobolds (D:1)
  2 rats (D:1)
18 creatures vanquished.

Notes
Turn   | Place    | Note
-------+----------+-------------------------------------------
     0 | D:1      | ryw the Demonspawn Monk began the quest for the Orb.
     0 | D:1      | Reached XP level 1. HP: 18/18 MP: 1/1
   221 | D:1      | Found Morhet's Assorted Antiques.
   391 | D:1      | Gained mutation: A meltable shield of frost defends you.
                  | (SH +4) [demonic ancestry]
   391 | D:1      | Reached XP level 2. HP: 10/24 MP: 2/2
   674 | D:1      | Reached skill level 4 in Fighting
   683 | D:1      | You fall into a shaft and drop 1 floor!
   775 | D:2      | Gained mutation: You have large cloven feet. [demonic
                  | ancestry]
   775 | D:2      | Reached XP level 3. HP: 26/30 MP: 3/3
   789 | D:2      | Quit the game

Illustrated notes

Levels and vault maps discovered:
D:1:      evilmike_arrival_crescent, layout_basic, serial_shops, shop
D:2:      layout_loops_ring, serial_shops, nicolae_shop_hallway_stairs

Skill      XL: |  1  2 |
---------------+-------+-----
Fighting       | 4 |  4.2
Dodging        | |  2.6
Stealth        | |  1.7
Unarmed Combat | |  2.6

Action                   || total
-------------------------++-------
Melee: Unarmed           ||    64
       Falchion          ||     7
       Punch             ||     2
 Stab: Sleeping          ||     2
Armor: Robe              ||    14
Dodge: Dodged            ||    33
Block: Other             ||     6

Table legend: (Time is in decaauts)
 A = Elapsed time spent in this place.
 B = Non-inter-level travel time spent in this place.
 C = Inter-level travel time spent in this place.
 D = Time resting spent in this place.
 E = Time spent auto-exploring this place.
 F = Levels seen in this place.
 G = Mean time per level.
                   A        B        C        D        E       F      G
               +--------+--------+--------+--------+--------+-----+--------+
         Total |    787 |    787 |      0 |     72 |    560 |   2 |  393.5 |
       Dungeon |    787 |    787 |      0 |     72 |    560 |   2 |  393.5 |
               +--------+--------+--------+--------+--------+-----+--------+

Top non-repeatable levels by time:
     D:1: 680 daAuts
     D:2: 107 daAuts
